 Dungeon Crawl Stone Soup version 0.31-a0-496-g6f97920a28 (webtiles) character file.

Game seed: 2682919793064559393

5746 kae the Mimic (level 10, -3/93 HPs)
             Began as a Yellow Draconian Shapeshifter on Aug 8, 2023.
             Was a Follower of Ru.
             Slain by a flying skull (9 damage)
             ... on level 9 of the Dungeon.
             The game lasted 00:09:23 (8716 turns).

kae the Mimic (Yellow Draconian Shapeshifter)       Turns: 8716, Time: 00:09:24

Health: -3/93      AC:  7    Str: 19    XL:     10   Next: 49%
Magic:  10/10      EV: 12    Int:  8    God:    Ru [*.....]
Gold:   647        SH:  0    Dex: 15    Spells: 9/9 levels left

rFire   + .          .
                       - Unarmed
rCold   + . .        (no shield)
rNeg    . . .        (body armour unavailable)
rPois   .            (helmet restricted)
rElec   .            (no cloak)
rCorr   +            (no gloves)
SInv    +            (no boots)
Will    .....        (no amulet)
Stlth   +            v - ring of see invisible
HPRegen 0.35/turn    C - ring of protection from cold
MPRegen 0.12/turn

%: no passive effects
@: maw-form, slowed, studying Fighting, unable to drink, very slow
A: devouring maw, spit acid, AC +7, unfitting armour, cold-blooded, inability to
drink after injury 2, disrupted magic 1, acid resistance, beak, stinger 1, fire
resistance 1, screaming 1
a: Breathe Acid, Begin Untransformation, Renounce Religion


You were on level 9 of the Dungeon.
You worshipped Ru.
Ru was aware of your devotion.
You were a creature with a mouth for a stomach.
You visited 2 branches of the dungeon, and saw 10 of its levels.
You also visited: Sewer and Ossuary.

You collected 647 gold pieces.


Innate Abilities, Weirdness & Mutations

You are a creature with a mouth for a stomach.
Your midsection houses a second, enormous mouth.
You can spit globs of acid.
Your golden yellow scales are hard. (AC +7)
You cannot fit into any form of body armour.
You are cold-blooded and may be slowed by cold attacks.
You sometimes lose the ability to drink potions when taking damage.
Your casting is slightly disrupted.
You are resistant to acid. (rCorr)
You have a beak for a mouth.
Your tail ends in a venomous barb.
Your flesh is heat resistant. (rF+)
You occasionally shout uncontrollably at your foes.


   Skills:
 + Level 9.9 Fighting
 - Level 1.7 Dodging
 + Level 9.8 Unarmed Combat
 - Level 10.0 Shapeshifting


You had 9 spell levels left.
You didn't know any spells.
Your spell library contained the following spells:

 Spells                   Type           Power      Damage    Failure   Level
 Magic Dart               Conj           0%         1d3       50%         1
 Summon Small Mammal      Summ           0%         N/A       50%         1
 Call Imp                 Summ           0%         N/A       63%         2
 Ensorcelled Hibernation  Hex/Ice        0%         N/A       63%         2
 Wereblood                Tmut           0%         N/A       63%         2
 Call Canine Familiar     Summ           0%         N/A       85%         3
 Mephitic Cloud           Conj/Pois/Air  0%         N/A       85%         3
 Summon Guardian Golem    Hex/Summ       0%         N/A       85%         3
 Vhi's Electric Charge    Tloc/Air       0%         N/A       85%         3
 Anguish                  Hex/Necr       0%         N/A       99%         4
 Arcjolt                  Conj/Air       0%         1d10      100%        5
 Irradiate                Conj/Tmut      0%         3d11      100%        5
 Plasma Beam              Fire/Air       0%         2x1d10    100%        6

Inventory:

Missiles
 e - 12 curare-tipped darts {=f}
 i - 9 boomerangs
 j - 71 stones
 k - 24 poisoned darts
 n - 5 atropa-tipped darts
Magical Staves
 D - a staff of earth {!a}
   (You found it on level 8 of the Dungeon)
Jewellery
 v - a ring of see invisible (left hand)
   (You found it on level 5 of the Dungeon)
 C - a ring of protection from cold (right hand)
   (You found it on level 4 of the Dungeon)
 N - a ring of positive energy
   (You took it off a kobold brigand on level 8 of the Dungeon)
 R - a ring of resist corrosion
   (You found it on level 1 of the Dungeon)
Talismans
 b - a beast talisman
 c - a flux talisman
 l - a maw talisman (active)
   (You found it on level 5 of the Dungeon)
Wands
 s - a wand of roots (8)
   (You found it on level 3 of the Dungeon)
 A - a wand of digging (2)
   (You found it on level 5 of the Dungeon)
 B - a wand of flame (27)
   (You found it on level 6 of the Dungeon)
 G - a wand of polymorph (7)
   (You found it on level 6 of the Dungeon)
Scrolls
 g - a scroll of fear
 h - 8 scrolls of teleportation {@r4}
 t - 3 scrolls of enchant armour
 E - 5 scrolls of identify {@r1}
 H - a scroll of summoning
Potions
 a - 5 potions of attraction {!q}
 d - a potion of degeneration {!q}
 f - 3 potions of curing {@q1}
 m - 2 potions of heal wounds {@q2}
 o - 4 potions of lignification {!q}
 p - 5 potions of mutation {!q}
 q - 2 potions of brilliance
 r - a potion of invisibility
 u - 2 potions of cancellation {unknown}
 w - a potion of ambrosia
 x - a potion of resistance
 y - 3 potions of might
 z - a potion of haste {unknown}
 F - 2 potions of berserk rage {unknown}

Dungeon Overview and Level Annotations

Branches:
Dungeon (9/15) Zot: 26523  Temple (1/1) D:7 Zot: 5996   Sewer (visited)
Ossuary (visited)
   Lair: D:8-11         Orc: D:9-12

Altars:
Ashenzari
Cheibriados
Elyvilon
Fedhas
Gozag
Hepliaklqana
Makhleb
Nemelex Xobeh
Qazlal
Ru
Sif Muna
Uskayaw
Vehumet
Wu Jian
Yredelemnul
Zin
The Shining One

Shops:
D:6 =   D:9 (

Annotations:
D:9 1 runed translucent door

..# #..........#
#.§§§§§§≈.
#........>.#
#..§§§_§≈. .#
#..........#
#..§≈≈§§§§ ..#
#..........#
#..≈≈≈≈≈§. ..#
#..........#
#......... ..#
#..........#
#...#.##..
..######..........#
#.....#
..................#
................WW#
.......##########z#
.......# #.ZW...W#
.......# #..zW.WZ#
.....### #..######
.....# #z. .....#
#.. .....#


.Zz . .....# ##.z ... You could see 2 wraiths, a flying skull and an unseen
horror skeleton.


Message History

The flying skull barely misses you.
You punch the flying skull!
You destroy the flying skull!
The flying skull misses you.
The shadow slips into darkness.
The shadow flickers and vanishes for a moment.
A wight comes into view. It is wielding a +0 great sword.
You punch the shadow! You punch the shadow, but do no damage.
The flying skull hits you!
You feel threatened and lose the ability to drink potions!
The shadow barely misses you.
You are too injured to fight recklessly! 😮 HP[-10]
You now have 92 max hp (+1).
You take 10 damage, and now have 64/92 hp.
You are too injured to fight recklessly!
You are too injured to fight recklessly!
Unknown command.
The shadow attacks as you move away! The shadow hits you.
The flying skull barely misses you. 😮 HP[-2]
You take 2 damage, and now have 62/92 hp.
The shadow attacks as you move away! The shadow hits you.
The flying skull attacks as you move away!
The flying skull closely misses you. 😮 HP[-3]
You take 3 damage, and now have 59/92 hp.
The flying skull attacks as you move away!
The flying skull hits you!
You can drink potions again.
You redirect the flying skull's attack!
The flying skull hits the shadow! 😮 HP[-10]
You take 10 damage, and now have 49/92 hp.
You shout twice at the bullfrog!
A bullfrog comes into view.
The bullfrog croaks.
The shadow attacks as you move away! The shadow closely misses you. 😮 HP[+1]
You are too injured to fight recklessly!
You are too injured to fight recklessly!
You are too injured to fight recklessly!
You are too injured to fight recklessly!
You closely miss the shadow. You peck the shadow, but do no damage.
You punch the shadow!
You destroy the shadow! 😮 HP[+1]
You now have 93 max hp (+1).
You closely miss the bullfrog. You punch the bullfrog. You bite the bullfrog!
You kill the bullfrog!
The wraith is stunned by your conviction and fails to attack.
You hit the wraith. You bite the wraith, but do no damage.
The wraith closely misses you.
You hit the wraith but do no damage. 😮 HP[+1]
You hit the wraith but do no damage. Your bite misses the wraith.
The wraith hits you but does no damage.
You closely miss the wraith. Your peck misses the wraith.
Your tail-slap misses the wraith.
You hit the flying skull but do no damage.
Your tail-slap misses the flying skull.
Your bite misses the flying skull. The flying skull hits you.
The wraith hits you!
* * * LOW HITPOINT WARNING * * *
The wraith drains your vigour!
You feel yourself slow down. 😨 HP[-15]
You take 15 damage, and now have 37/93 hp.
You barely miss the wraith.
You tail-slap the wraith, but do no damage.
You punch the wraith. You bite the wraith, but do no damage.
The flying skull hits you!
You feel threatened and lose the ability to drink potions!
* * * LOW HITPOINT WARNING * * *
The wraith is stunned by your conviction and fails to attack.
The flying skull barely misses you. 😨 HP[-10]
You take 10 damage, and now have 27/93 hp.
You hit the wraith. You peck the wraith, but do no damage.
Your punch misses the wraith. The flying skull barely misses you.
The wraith misses you. The flying skull hits you.
* * * LOW HITPOINT WARNING * * *
😱 HP[-4]
You take 4 damage, and now have 23/93 hp.
Unknown command.
You punch the wraith!
You can drink potions again.
The flying skull hits you!
You feel threatened and lose the ability to drink potions!
* * * LOW HITPOINT WARNING * * *
The wraith misses you. The flying skull hits you.
* * * LOW HITPOINT WARNING * * *
The wraith hits you.
* * * LOW HITPOINT WARNING * * *
😱 HP[-13]
You take 13 damage, and now have 10/93 hp.
Unknown command.
You barely miss the wraith. The flying skull hits you.
* * * LOW HITPOINT WARNING * * *
The wraith closely misses you. The flying skull hits you!
You die...

Skill      XL: |  1  2  3  4  5  6  7  8  9 10 |
---------------+-------------------------------+-----
Shapeshifting  | 4 5 6 7 8 10 | 10.0
Unarmed Combat | 4 5 6 7 8 9 |  9.8
Fighting       | 2 6 9 |  9.9
Dodging        | |  1.7

Action                     |  1- 3 |  4- 6 |  7- 9 | 10-12 || total
---------------------------+-------+-------+-------+-------++-------
  Melee: Unarmed           |    89 |   217 |   252 |    56 ||   614
         Tailslap          |    11 |    16 |    35 |     8 ||    70
         Punch             |     2 |     3 |    10 |     9 ||    24
         Peck              |       |    18 |    44 |     8 ||    70
         Maw               |       |       |    12 |    19 ||    31
 Invoke: Sacrifice Essence |       |       |     1 |       ||     1
         Sacrifice Drink   |       |       |     1 |       ||     1
Ability: Breathe Acid      |       |       |    16 |     1 ||    17
  Evoke: Wand              |       |       |     2 |     4 ||     6
    Use: Scroll            |     6 |     6 |     4 |     1 ||    17
         Potion            |       |     4 |     3 |       ||     7
   Stab: Sleeping          |     3 |     4 |       |       ||     7
         Distracted        |     1 |       |     1 |       ||     2
         Invisible         |       |     6 |       |       ||     6
 Armour: Skin              |    31 |   154 |    74 |    12 ||   271
  Dodge: Dodged            |    48 |   142 |   168 |    36 ||   394
   Form: Maw               |       |       |     1 |       ||     1

Levels and vault maps discovered:
D:1:      wander_arrival_desolate, layout_basic, nicolae_figureground_sparkle
D:2:      layout_basic
D:3:      layout_basic, portal_sewer_entry_b
D:4:      layout_cave_pools, nicolae_ru_great_annihilating_truth,
          nicolae_ossuary_entry_monument, minmay_misc_feat_diagonals
D:5:      layout_loops_corners, uniq_eustachio, uniq_menkaure
D:6:      layout_loops_cross, led_sif_book, serial_shops, nicolae_shop_stone,
          minmay_misc_feat_nine_boxes, uniq_blork_the_orc
D:7:      layout_basic, minmay_temple_entry_wispy
D:8:      layout_cave_pools, chequers_temple_overflow_minitemple
D:9:      hangedman_screamer, layout_long_grid, nzn_makhleb_speed_demon,
          fedhas_altar_1, general_overflow_altar,
          chequers_temple_overflow_statue_of_worship, trog_butcher_becter,
          dpeg_lair_monsters, serial_shops, shop_coins
Temple:   hellmonk_temple_beads

Notes
Turn   | Place    | Note
-------+----------+-------------------------------------------
     0 | D:1      | kae the Draconian Shapeshifter began the quest for the Orb.
     0 | D:1      | Reached XP level 1. HP: 16/16 MP: 1/1
     0 | D:1      | magus.rc [v1.11.3]
   160 | D:1      | Reached XP level 2. HP: 23/23 MP: 2/2
   611 | D:2      | Reached XP level 3. HP: 28/28 MP: 3/3
   631 | D:2      | You pick up a book of Dreams and begin reading...
   631 | D:2      | You add the spells Ensorcelled Hibernation and Anguish to
                  | your library.
   948 | D:2      | Reached skill level 4 in Shapeshifting
  1039 | D:2      | Reached XP level 4. HP: 34/35 MP: 4/4
  1165 | D:3      | Reached skill level 4 in Unarmed Combat
  1168 | D:3      | HP: 6/35 [orc/+0 flail (5)]
  1181 | D:3      | HP: 1/35 [orc/+0 hand axe (5)]
  1183 | D:3      | Reached XP level 5. HP: 1/40 MP: 5/5
  1310 | D:3      | Found a glowing drain.
  1319 | D:3      | Gained mutation: You have a beak for a mouth. [potion of
                  | mutation]
  1319 | D:3      | Gained mutation: You occasionally shout uncontrollably at
                  | your foes. [potion of mutation]
  1319 | D:3      | Gained mutation: Your tail ends in a venomous barb. [potion
                  | of mutation]
  1319 | D:3      | Gained mutation: Your flesh is heat resistant. (rF+)
                  | [potion of mutation]
  1349 | Sewer    | Entered a sewer
  1681 | Sewer    | Reached skill level 5 in Shapeshifting
  1787 | Sewer    | Reached XP level 6. HP: 47/47 MP: 6/6
  2389 | D:4      | Found a sacrificial altar of Ru.
  2400 | D:4      | Reached skill level 5 in Unarmed Combat
  2402 | D:4      | Became a worshipper of Ru the Awakened
  2516 | D:4      | Reached skill level 6 in Shapeshifting
  2516 | D:4      | Your scales start taking on a golden yellow colour.
  2516 | D:4      | Reached XP level 7. HP: 15/52 MP: 7/7
  2516 | D:4      | Gained mutation: You are resistant to acid. (rCorr) [Yellow
                  | Draconian growth]
  2557 | D:4      | Found a sand-covered staircase.
  2607 | Ossuary  | Entered an ossuary
  2971 | D:4      | You pick up a book of Callings and begin reading...
  2971 | D:4      | You add the spells Summon Small Mammal, Call Canine
                  | Familiar and Summon Guardian Golem to your library.
  3194 | D:5      | Entered Level 5 of the Dungeon
  3338 | D:5      | Noticed Menkaure
  3344 | D:5      | HP: 1/52 [Menkaure (19)]
  3345 | D:5      | Killed Menkaure
  3882 | D:5      | Reached skill level 6 in Unarmed Combat
  3977 | D:5      | Reached skill level 7 in Shapeshifting
  3977 | D:5      | Reached XP level 8. HP: 59/59 MP: 8/8
  4076 | D:5      | Noticed Eustachio
  4098 | D:5      | Killed Eustachio
  4189 | D:5      | Gained mutation: Your casting is slightly disrupted. [Ru
                  | sacrifice]
  4728 | D:6      | Found a shimmering blue altar of Sif Muna.
  4912 | D:6      | Found Cayt Ole's Jewellery Boutique.
  4919 | D:6      | Noticed Blork the orc
  4936 | D:6      | Killed Blork the orc
  4937 | D:6      | Reached skill level 8 in Shapeshifting
  4956 | D:6      | Reached skill level 7 in Unarmed Combat
  5397 | D:7      | Found a staircase to the Ecumenical Temple.
  5441 | Temple   | Entered the Ecumenical Temple
  5442 | Temple   | Identified a scroll of acquirement
  5442 | Temple   | Acquired a manual of Fighting
  5463 | D:7      | HP: 13/59 [orc warrior/+0 battleaxe (10)]
  5704 | D:7      | Reached skill level 2 in Fighting
  5704 | D:7      | Reached XP level 9. HP: 67/67 MP: 9/9
  5784 | D:7      | You pick up a book of Minor Magic and begin reading...
  5784 | D:7      | You add the spells Magic Dart, Call Imp and Mephitic Cloud
                  | to your library.
  5987 | D:6      | Reached skill level 3 in Fighting
  6446 | D:7      | Reached skill level 9 in Shapeshifting
  6629 | D:7      | Reached skill level 4 in Fighting
  6665 | D:7      | Reached skill level 8 in Unarmed Combat
  6840 | D:7      | Reached skill level 5 in Fighting
  6840 | D:7      | HP: 18/74 [poisoned by a kobold]
  7112 | D:7      | HP: 12/74 [water moccasin (8)]
  7118 | D:7      | HP: 18/75 [killer bee (4)]
  7288 | D:7      | HP: 17/75 [killer bee (4)]
  7289 | D:7      | HP: 8/75 [killer bee (8)]
  7291 | D:7      | Reached skill level 6 in Fighting
  7677 | D:8      | Gained mutation: You occasionally lose the ability to drink
                  | potions when taking damage. [Ru sacrifice]
  7677 | D:8      | Gained mutation: You sometimes lose the ability to drink
                  | potions when taking damage. [Ru sacrifice]
  7677 | D:8      | Reached * piety under Ru
  7776 | D:8      | Reached skill level 10 in Shapeshifting
  7776 | D:8      | Reached XP level 10. HP: 80/84 MP: 10/10
  7828 | D:8      | Reached skill level 7 in Fighting
  7981 | D:8      | Found a broken altar of Ashenzari.
  7981 | D:8      | Found a glowing silver altar of Zin.
  7987 | D:8      | Found a stormy altar of Qazlal.
  7989 | D:8      | Found a snail-covered altar of Cheibriados.
  7991 | D:8      | Found an opulent altar of Gozag.
  8235 | D:9      | Noticed a death yak
  8244 | D:9      | Killed a death yak
  8244 | D:9      | Noticed a death yak
  8245 | D:9      | Reached skill level 8 in Fighting
  8245 | D:9      | Reached skill level 9 in Unarmed Combat
  8334 | D:9      | Found Aruthag's Antique Weapon Emporium.
  8388 | D:9      | Found a glowing golden altar of the Shining One.
  8466 | D:9      | Found a blossoming altar of Fedhas.
  8507 | D:9      | Found a runed translucent door.
  8509 | D:9      | You pick up a book of Changes and begin reading...
  8509 | D:9      | You add the spells Wereblood and Irradiate to your library.
  8523 | D:9      | Found a burning altar of Makhleb.
  8523 | D:9      | Noticed a sixfirhy
  8630 | D:9      | You pick up a book of Lightning and begin reading...
  8630 | D:9      | You add the spells Vhi's Electric Charge, Arcjolt and
                  | Plasma Beam to your library.
  8692 | D:9      | Reached skill level 9 in Fighting
  8693 | D:9      | Noticed a skeletal warrior
  8714 | D:9      | HP: 23/93 [flying skull (4)]
  8715 | D:9      | HP: 11/93 [flying skull (4)]
  8716 | D:9      | Slain by a flying skull

Vanquished Creatures
  A death yak (D:9)
  An unseen horror skeleton (D:9)
  A shadow (D:9)
  2 flying skulls (D:9)
  Eustachio (D:5)
  3 yaks (D:7)
  A steam dragon (D:8)
  An acid dragon (D:9)
  Menkaure (D:5)
  3 water moccasins (D:7)
  3 orc warriors
  2 sky beasts
  An ice beast (D:5)
  An ogre (D:4)
  3 centaurs
  Blork the orc (D:6)
  3 kobold brigands
  5 bullfrogs
  A gnoll sergeant (D:6)
  3 scorpions (D:5)
  7 wights
  6 killer bees
  A howler monkey (D:9)
  A hound (D:6)
  4 orc priests
  4 sleepcaps
  7 orc wizards
  8 mummies (Ossuary)
  10 gnolls
  5 river rats
  10 adders
  A shadow imp (D:6)
  A white imp (D:6)
  A worm (D:2)
  A dart slug (D:5)
  21 orcs
  6 bats
  11 endoplasms
  5 giant cockroaches
  2 gnoll zombies (Ossuary)
  4 goblins
  10 hobgoblins
  4 jackals (D:2)
  20 kobolds
  5 quokkas
  24 ball pythons
  5 frilled lizards
  2 kobold zombies (Ossuary)
  4 orc zombies (Ossuary)
  27 rats
255 creatures vanquished.

Table legend:
 A = Non-vault XP
 B = Vault XP
 C = Vault XP percentage of total XP
 D = Non-vault monster count
 E = Vault monster count
 F = Vault count percentage of total count
                 A         B        C        D         E       F
            +---------+---------+-------+---------+---------+-------
      Total |    5404 |    2805 |  34.2 |     167 |      88 |  34.5
            +---------+---------+-------+---------+---------+-------
        D:1 |      37 |       0 |   0.0 |      22 |       0 |   0.0
        D:2 |      62 |       0 |   0.0 |      21 |       0 |   0.0
        D:3 |     130 |      33 |  20.2 |      20 |       6 |  23.1
        D:4 |     182 |      51 |  21.9 |      13 |       4 |  23.5
        D:5 |     606 |     368 |  37.8 |      14 |       2 |  12.5
        D:6 |     602 |     171 |  22.1 |      14 |       3 |  17.6
        D:7 |    2049 |       0 |   0.0 |      34 |       0 |   0.0
        D:8 |    1311 |       0 |   0.0 |      23 |       0 |   0.0
        D:9 |     425 |    1708 |  80.1 |       6 |       5 |  45.5
      Sewer |       0 |     317 | 100.0 |       0 |      52 | 100.0
    Ossuary |       0 |     157 | 100.0 |       0 |      16 | 100.0
            +---------+---------+-------+---------+---------+-------

Skill      XL: |  1  2  3  4  5  6  7  8  9 10 |
---------------+-------------------------------+-----
Shapeshifting  | 4 5 6 7 8 10 | 10.0
Unarmed Combat | 4 5 6 7 8 9 |  9.8
Fighting       | 2 6 9 |  9.9
Dodging        | |  1.7

Action                     |  1- 3 |  4- 6 |  7- 9 | 10-12 || total
---------------------------+-------+-------+-------+-------++-------
  Melee: Unarmed           |    89 |   217 |   252 |    56 ||   614
         Tailslap          |    11 |    16 |    35 |     8 ||    70
         Punch             |     2 |     3 |    10 |     9 ||    24
         Peck              |       |    18 |    44 |     8 ||    70
         Maw               |       |       |    12 |    19 ||    31
 Invoke: Sacrifice Essence |       |       |     1 |       ||     1
         Sacrifice Drink   |       |       |     1 |       ||     1
Ability: Breathe Acid      |       |       |    16 |     1 ||    17
  Evoke: Wand              |       |       |     2 |     4 ||     6
    Use: Scroll            |     6 |     6 |     4 |     1 ||    17
         Potion            |       |     4 |     3 |       ||     7
   Stab: Sleeping          |     3 |     4 |       |       ||     7
         Distracted        |     1 |       |     1 |       ||     2
         Invisible         |       |     6 |       |       ||     6
 Armour: Skin              |    31 |   154 |    74 |    12 ||   271
  Dodge: Dodged            |    48 |   142 |   168 |    36 ||   394
   Form: Maw               |       |       |     1 |       ||     1

Illustrated notes

Table legend:
 A = Kills in this place as a percentage of kills in the entire game.
 B = Kills by you in this place as a percentage of kills by you in the entire game.
 C = Kills by friends in this place as a percentage of kills by friends in the entire game.
 D = Other kills in this place as a percentage of other kills in the entire game.
 E = Experience gained in this place as a percentage of experience gained in the entire game.
 F = Experience gained in this place divided by the number of levels of this place that you have seen.
                   A       B       C       D       E      F
               +-------+-------+-------+-------+-------+----------------------
         Total | 100.0 | 100.0 |   N/A |   N/A | 100.0 | 684.1
       Dungeon |  73.3 |  73.3 |   N/A |   N/A |  94.2 | 859.4
         Sewer |  20.4 |  20.4 |   N/A |   N/A |   3.9 | 317.0
       Ossuary |   6.3 |   6.3 |   N/A |   N/A |   1.9 | 157.0
               +-------+-------+-------+-------+-------+----------------------

Table legend: (Time is in decaauts)
 A = Elapsed time spent in this place.
 B = Non-inter-level travel time spent in this place.
 C = Inter-level travel time spent in this place.
 D = Time resting spent in this place.
 E = Time spent auto-exploring this place.
 F = Levels seen in this place.
 G = Mean time per level.
                   A        B        C        D        E       F      G
               +--------+--------+--------+--------+--------+-----+--------+
         Total |   8707 |   8506 |    201 |   1863 |   4959 |  12 |  725.6 |
       Dungeon |   7825 |   7624 |    201 |   1598 |   4760 |   9 |  869.4 |
        Temple |      3 |      3 |      0 |      0 |      0 |   1 |    3.0 |
         Sewer |    579 |    579 |      0 |    194 |     64 |   1 |  579.0 |
       Ossuary |    298 |    298 |      0 |     71 |    135 |   1 |  298.0 |
               +--------+--------+--------+--------+--------+-----+--------+

Top non-repeatable levels by time:
     D:7: 1832 daAuts
     D:5: 1284 daAuts
     D:6: 1101 daAuts
     D:8: 881 daAuts
     D:3: 701 daAuts
     D:1: 603 daAuts
   Sewer: 579 daAuts
     D:4: 538 daAuts
     D:2: 494 daAuts
     D:9: 386 daAuts
 Ossuary: 298 daAuts
  Temple: 3 daAuts
